 Dungeon Crawl Stone Soup version 0.14-a0-1330-g3eed206 (webtiles) character file.

195 M4edhros the Gusty (level 3, -6/21 HPs)
             Began as an Octopode Air Elementalist on Dec 6, 2013.
             Was an Initiate of Fedhas.
             Mangled by a troll skeleton (12 damage)
             ... on Level 4 of the Dungeon on Dec 7, 2013.
             The game lasted 00:05:39 (2532 turns).

M4edhros the Gusty (Octopode Air Elementalist)      Turns: 2532, Time: 00:05:39

HP  -6/21        AC  1     Str  7      XL: 3   Next: 93%
MP   6/6         EV 12     Int 18      God: Fedhas [......]
Gold 140         SH  0     Dex 12      Spells:  3 memorised,  1 level left

rFire  . . .     SeeInvis .     k - +2,+0 elf trident
rCold  . . .     Clarity  .     (no shield)
rNeg   . . .     Conserve .     (helmet restricted)
rPois  .         rCorr    .     (no amulet)
rElec  .         rRot     .     (no ring)
SustAb . .       Spirit   .     (no ring)
rMut   .         Warding  .     (no ring)
Saprov . . .     Stasis   .     (no ring)
                                (no ring)
                                (no ring)
                                (no ring)
                                (no ring)

@: not resistant to hostile enchantments, quite stealthy
A: almost no armour, amphibious, 8 rings, constrict 8, camouflage 1, gelatinous
body 1
a: Renounce Religion


You were on level 4 of the Dungeon.
You worshipped Fedhas.
Fedhas was noncommittal.
You were hungry.

You visited 2 branches of the dungeon, and saw 5 of its levels.

You collected 140 gold pieces.

Inventory:

Hand weapons
 i - a +0,+0 dagger
 k - a +2,+0 elven trident (weapon)
Missiles
 d - 8 silver darts (quivered)
Comestibles
 c - 5 bread rations
 j - a meat ration
 m - a chunk of quokka flesh
Scrolls
 a - 2 scrolls of teleportation {unknown}
 e - a scroll of immolation {unknown}
 f - a scroll of curse weapon {unknown}
 g - a scroll of fog {unknown}
 h - a scroll of enchant armour {unknown}
 n - a scroll of identify {unknown}
Potions
 l - a potion of curing
 o - 2 potions of porridge
Books
 b - a book of Air

   Spells                             Type                      Level
   *Shock                             Conjuration/Air              1
   *Swiftness                         Charms/Air                   2
   Repel Missiles                     Charms/Air                   2
   Flight                             Charms/Air                   3
   *Static Discharge                  Conjuration/Air              3
   Lightning Bolt                     Conjuration/Air              5


   Skills:
 - Level 2.0 Dodging
 - Level 2.6 Stealth
 + Level 2.8 Spellcasting
 + Level 1.9 Conjurations
 + Level 3.7 Air Magic


You had one spell level left.
You knew the following spells:

 Your Spells              Type           Power        Failure   Level  Hunger
a - Shock                 Conj/Air       ##..         6%          1    None
b - Swiftness             Chrm/Air       #.......     12%         2    ##.....
c - Static Discharge      Conj/Air       ##......     17%         3    ###....


Dungeon Overview and Level Annotations

Branches:
Dungeon (4/16)             Temple (1/1) D:4

Altars:
Ashenzari
Cheibriados
Elyvilon
Fedhas
Kikubaaqudgha
Makhleb
Okawaru
Trog
Vehumet
Xom
Yredelemnul
the Shining One

Annotations:
D:3 TKT's ghost, average OpAE


Innate Abilities, Weirdness & Mutations

You cannot wear most types of armour.
You are amphibious.
You can wear up to eight rings at the same time.
You can use your tentacles to constrict many enemies at once.
Your skin changes colour to match your surroundings (Stlth).
Your rubbery body absorbs attacks (AC +1).


Message History

You continue eating.
A troll zombie comes into view.
A troll zombie is nearby!
You start resting.
HP restored.
You offer a prayer to Fedhas.
The troll zombie's flesh rots away.
A toadstool grows from a nearby corpse.
Fedhas appreciates your contribution to the ecosystem.
Fedhas is noncommittal.
You offer a prayer to Fedhas.
Fedhas is noncommittal.
(D) Dungeon (T) Temple
Where to? (? - help)
You see here a club.
The troll skeleton bites you! The troll skeleton claws you!
* * * LOW HITPOINT WARNING * * *
The troll skeleton claws you!
Ouch! That really hurt!
You die...
Fedhas appreciates your contribution to the ecosystem.

######.##....##.....# #.#
#...........%.......#####
#.###
#.####..#...###.....##..#
#...) #.#
#.......##..#..##..#####.###
#.#
#...).<..#...............%..
#.#
#..................#####.###
#.# ##.......#..######## ###
#.### #..#...##..### #...#
#..##.###.@..# ###.#
#.........#Z## #.#
#..########.# #)###..# #.#
#.(....# #.#
#..##..########)##
#..##.......f...(#
#..##......####..####.#.##
......................Z...


You could see a troll skeleton.

Vanquished Creatures
  An orc (D:4)
  3 bats
  12 goblins
  9 hobgoblins
  4 jackals (D:1)
  2 quokkas (D:4)
  2 giant cockroaches
  4 giant newts
  9 kobolds
  3 rats
49 creatures vanquished.

Vanquished Creatures (others)
  A toadstool (D:4)
1 creature vanquished.

Grand Total: 50 creatures vanquished

Notes
Turn   | Place    | Note
--------------------------------------------------------------
     0 | D:1      | M4edhros, the Octopode Air Elementalist, began the quest for the Orb.
     0 | D:1      | Reached XP level 1. HP: 11/11 MP: 3/3
   298 | D:1      | Reached XP level 2. HP: 13/17 MP: 4/4
  1016 | D:1      | Reached XP level 3. HP: 21/21 MP: 6/6
  1706 | D:4      | Learned a level 2 spell: Swiftness
  2119 | D:4      | Found a staircase to the Ecumenical Temple.
  2129 | Temple   | Entered the Ecumenical Temple
  2211 | Temple   | Became a worshipper of Fedhas Madash
  2354 | D:3      | Noticed TKT's ghost (average OpAE)
  2361 | D:4      | Learned a level 3 spell: Static Discharge
  2532 | D:4      | Mangled by a troll skeleton

Action                   || total
-------------------------++-------
Melee: Unarmed           ||    31
       Dagger            ||    50
       Trident           ||    39
 Cast: Shock             ||     7
  Use: Potion            ||     5
 Stab: Sleeping          ||     7
